 Dungeon Crawl Stone Soup version 0.23.2-33-g5129a83184 (webtiles) character file.

Game seed: 10342453413202244223

100 funkygono the Shield-Bearer (level 5, -1/42 HPs)
             Began as a Formicid Fighter on July 2, 2019.
             Succumbed to Robin's poison
             ... on level 1 of the Dungeon.
             The game lasted 00:03:12 (1290 turns).

funkygono the Shield-Bearer (Formicid Fighter)      Turns: 1290, Time: 00:03:12

Health: -1/42      AC:  7    Str: 21    XL:     5   Next: 3%
Magic:  5/5        EV:  8    Int:  8    God:
Gold:   28         SH:  9    Dex: 10    Spells: 4/4 levels left

rFire    . . .     SeeInvis +   i - +1 flail (holy)
rCold    . . .     Gourm    .   c - +0 shield
rNeg     . . .     Faith    .   b - +0 scale mail
rPois    .         Spirit   .   (helmet unavailable)
rElec    .         Reflect  .   (no cloak)
rCorr    .         Harm     .   (no gloves)
MR       .....                  (no boots)
Stlth    ..........             (no amulet)
HPRegen  0.14/turn              (no ring)
MPRegen  0.09/turn              (no ring)

@: lethally poisoned (-1 -> -16)
A: permanent stasis, dig shafts and tunnels, four strong arms, antennae 3
a: Dig, Shaft Self


You were on level 1 of the Dungeon.
You were not hungry.

You visited 1 branch of the dungeon, and saw 2 of its levels.

You collected 28 gold pieces.

Inventory:

Hand Weapons
 a - a +1 flail
 e - a +0 hunting sling
 i - a +1 flail of holy wrath (weapon)
Missiles
 h - 103 stones (quivered)
Armour
 b - a +0 scale mail (worn)
 c - a +0 shield (worn)
Potions
 d - 2 potions of might
Comestibles
 f - a ration
 g - 9 chunks of flesh


   Skills:
 + Level 3.9 Fighting
 + Level 3.1 Maces & Flails
 + Level 4.0 Armour
 + Level 0.8 Dodging
 + Level 4.2 Shields


You had 4 spell levels left.
You didn't know any spells.
Your spell library was empty.

Dungeon Overview and Level Annotations

Branches:
Dungeon (2/15)

Altars:

Annotations:
D:2 Robin


Innate Abilities, Weirdness & Mutations

You cannot be hasted, slowed, berserked, paralysed or teleported.
You can dig through walls and to a lower floor.
Your four strong arms can wield two-handed weapons with a shield.
You have a pair of large antennae on your head. (SInv)


Message History

You see here a stone.
* * * LOW HITPOINT WARNING * * *
You feel sick. Robin hits you but does no damage.
You are more poisoned.
You climb upwards.
* * * LOW HITPOINT WARNING * * *
You feel very sick.
There is a stone staircase leading down here.
There is a lethal amount of poison in your body!
Okay, then.
You aren't carrying any scrolls.
* * * LOW HITPOINT WARNING * * *
You feel sick.
* * * LOW HITPOINT WARNING * * *
You feel sick.
* * * LOW HITPOINT WARNING * * *
You feel sick.
* * * LOW HITPOINT WARNING * * *
You feel sick.
You die...

...............#.⌠.<.⌠.#..##...##
.......##......#.......#.........
.......#.......###.⌠.###.......#.
.......#.........#...#....##...#.
.................##+##.........#.
..........#.#.............#.#####
.........##....###..##...##..##..
##.#..........##...#...#........#
##.#.....####...@.....)...##..###
...#..............#....##.##.....
.##...............#....##...#.###
#....##...)>......#########.#..#
.....##...))).......##### #..#.##
##...#............#.....# ##.....
####.............#####.## ##....
#...#..............##..## ##...
##.###..............###..## #...


There were no monsters in sight!

Vanquished Creatures
  5 gnolls
  An adder (D:1)
  A worm (D:1)
  A dart slug (D:1)
  3 leopard geckos (D:1)
  A ball python (D:1)
  2 giant cockroaches (D:1)
  12 goblins
  3 hobgoblins (D:1)
  A bat (D:1)
  2 kobolds (D:1)
  2 rats
34 creatures vanquished.

Notes
Turn   | Place    | Note
-------+----------+-------------------------------------------
     0 | D:1      | funkygono the Formicid Fighter began the quest for the Orb.
     0 | D:1      | Reached XP level 1. HP: 18/18 MP: 1/1
    50 | D:1      | Reached XP level 2. HP: 24/24 MP: 2/2
   302 | D:1      | Reached XP level 3. HP: 24/29 MP: 3/3
   521 | D:2      | Noticed Robin
   908 | D:1      | Reached XP level 4. HP: 24/37 MP: 4/4
  1280 | D:2      | Reached XP level 5. HP: 19/42 MP: 5/5
  1288 | D:1      | HP: 2/42 [poisoned by Robin]
  1290 | D:1      | Succumbed to Robin's poison

Skill      XL: |  1  2  3  4 |
---------------+-------------+-----
Shields        | 4 |  4.2
Maces & Flails | 3 |  3.1
Armour         | 4 |  4.0
Fighting       | |  3.9
Dodging        | |  0.8

Action                   |  1- 3 |  4- 6 || total
-------------------------+-------+-------++-------
Melee: Flail             |    67 |    28 ||    95
  Use: Scroll            |     2 |       ||     2
  Eat: Chunk             |       |     1 ||     1
Armor: Scale mail        |    57 |    19 ||    76
Dodge: Dodged            |    42 |    11 ||    53
Block: Shield            |    50 |    21 ||    71
